 Dungeon Crawl Stone Soup version 0.23.2 (webtiles) character file.

Game seed: 6036240735885928004

48 Menchi the Sneak (level 4, 0/27 HPs)
             Began as a Kobold Assassin on Apr 10, 2019.
             Succumbed to an adder's poison
             ... on level 2 of the Dungeon.
             The game lasted 00:01:58 (909 turns).

Menchi the Sneak (Kobold Assassin)                   Turns: 909, Time: 00:01:59

Health: 0/27       AC:  4    Str:  9    XL:     4   Next: 0%
Magic:  4/4        EV: 15    Int: 17    God:
Gold:   42         SH:  0    Dex: 16    Spells: 3/3 levels left

rFire    . . .     SeeInvis .   a - +2 dagger
rCold    . . .     Gourm    .   (shield restricted)
rNeg     . . .     Faith    .   c - +0 robe
rPois    .         Spirit   .   (no helmet)
rElec    .         Reflect  .   d - +1 cloak
rCorr    .         Harm     .   (no gloves)
MR       .....                  (no boots)
Stlth    +++.......             (no amulet)
HPRegen  0.09/turn              (no ring)
MPRegen  0.09/turn              (no ring)

@: brilliant, lethally poisoned (0 -> -2), hasted, very quick
A: small, carnivore, mutation resistance 1, inhibited regeneration
a: no special abilities


You were on level 2 of the Dungeon.
You were completely stuffed.

You visited 1 branch of the dungeon, and saw 2 of its levels.

You collected 42 gold pieces.

Inventory:

Hand Weapons
 a - a +2 dagger (weapon)
 b - a +0 blowgun
Missiles
 e - 8 poisoned needles
 f - 2 curare-tipped needles
Armour
 c - a +0 robe (worn)
 d - a +1 cloak (worn)
 n - a +0 buckler
Scrolls
 k - a scroll of random uselessness {unknown}
 m - a scroll of magic mapping {unknown}
Comestibles
 g - 3 rations
 l - a chunk of flesh


   Skills:
 * Level 2.5 Fighting
 * Level 3.5 Short Blades
 - Level 2.1 Throwing
 * Level 2.1 Dodging
 + Level 6.2 Stealth


You had 3 spell levels left.
You didn't know any spells.
Your spell library was empty.

Dungeon Overview and Level Annotations

Branches:
Dungeon (1/15)

Altars:
Fedhas
Ru
The Shining One


Innate Abilities, Weirdness & Mutations

You are small and have problems with some larger weapons.
You are carnivorous and can eat meat at any time.
You are somewhat resistant to further mutation.
You do not regenerate when monsters are visible.


Message History

It was a potion of haste.
You feel yourself speed up.
As you read the scroll labeled ROAZXI WORAYBROH, it crumbles to dust.
It is a scroll of enchant armour.
Your +0 cloak glows green for a moment.
There is a lethal amount of poison in your body!
* * * LOW HITPOINT WARNING * * *
You feel sick.
Things that are here:
a +0 dagger; an adder corpse
Found a hunting sling.
Found 15 gold pieces.
* * * LOW HITPOINT WARNING * * *
You feel sick.
* * * LOW HITPOINT WARNING * * *
You feel sick.
You see here 15 gold pieces.
There is a lethal amount of poison in your body!
* * * LOW HITPOINT WARNING * * *
You feel sick.
You die...

.# .# ##
# #.
#.###
#...#
###.# #.#
# #@#
###. #.#
....###.#
##...$##
#......#
#......#
#
#.....##
).#.....#
........#


There were no monsters in sight!

Vanquished Creatures
  A hound skeleton (D:2)
  An adder (D:2)
  A worm (D:2)
  2 ball pythons (D:2)
  A giant cockroach (D:2)
  3 goblins (D:2)
  A hobgoblin (D:2)
  5 jackals (D:2)
  A quokka (D:2)
  A bat (D:1)
  3 frilled lizards
  2 rats (D:2)
22 creatures vanquished.

Notes
Turn   | Place    | Note
-------+----------+-------------------------------------------
     0 | D:1      | Menchi the Kobold Assassin began the quest for the Orb.
     0 | D:1      | Reached XP level 1. HP: 12/12 MP: 1/1
    55 | D:1      | You fall through a shaft!
    57 | D:2      | Found a glowing golden altar of the Shining One.
    57 | D:2      | Found a blossoming altar of Fedhas.
    95 | D:2      | Reached XP level 2. HP: 16/17 MP: 2/2
   539 | D:2      | Reached skill level 6 in Stealth
   539 | D:2      | Reached XP level 3. HP: 15/22 MP: 3/3
   722 | D:2      | Found a sacrificial altar of Ru.
   886 | D:2      | Reached XP level 4. HP: 6/27 MP: 4/4
   887 | D:2      | Gained mutation: You do not regenerate when monsters are
                  | visible. [potion of mutation]
   887 | D:2      | Gained mutation: You are somewhat resistant to further
                  | mutation. [potion of mutation]
   903 | D:2      | HP: 1/27 [poisoned by an adder]
   909 | D:2      | Succumbed to an adder's poison

Skill      XL: |  1  2  3 |
---------------+----------+-----
Short Blades   | 3 |  3.5
Stealth        | 6 |  6.2
Dodging        | 2 |  2.1
Fighting       | |  2.5
Throwing       | |  2.1

Action                   |  1- 3 |  4- 6 || total
-------------------------+-------+-------++-------
Melee: Dagger            |    97 |       ||    97
  Use: Potion            |       |     3 ||     3
       Scroll            |       |     1 ||     1
 Stab: Sleeping          |     3 |       ||     3
  Eat: Chunk             |     8 |       ||     8
Armor: Robe              |    10 |       ||    10
Dodge: Dodged            |    65 |       ||    65
